 Dungeon Crawl Stone Soup version 0.21.1-1-g345015f (webtiles) character file.

306 empire the Protected (level 6, -11/50 HPs)
             Began as a Gnoll Wanderer on Mar 23, 2018.
             Killed by nerve-wracking pain
             ... invoked by a shadow imp
              (13 damage)
             ... in a sewer.
             The game lasted 00:07:45 (3126 turns).

empire the Protected (Gnoll Wanderer)               Turns: 3126, Time: 00:07:46

Health: -11/50     AC:  6    Str: 16    XL:     6   Next: 39%
Magic:  8/8        EV: 17    Int: 15    God:
Gold:   124        SH:  0    Dex: 19    Spells: 8/8 levels left

rFire    . . .     SeeInvis .   b - +2 long sword
rCold    . . .     Gourm    .   (no shield)
rNeg     . . .     Faith    .   c - +0 ring mail
rPois    .         Spirit   .   (no helmet)
rElec    .         Reflect  .   (no cloak)
rCorr    .         Harm     .   (no gloves)
MR       .....                  (no boots)
Stlth    +++.......             (no amulet)
HPRegen  0.16/turn              (no ring)
MPRegen  0.11/turn              (no ring)

@: agile, about to teleport
A: distributed training, fangs 1, strong nose
a: no special abilities


You were in a sewer.
You were not hungry.

You visited 1 branch of the dungeon, and saw 3 of its levels.
You also visited: Sewer.

You collected 124 gold pieces.

Inventory:

Hand Weapons
 a - a +2 dagger
 b - a +2 long sword (weapon)
Missiles
 g - 2 poisoned needles
 k - 61 bolts
 l - 16 arrows
 m - 42 sling bullets
Armour
 c - a +0 ring mail (worn)
Scrolls
 h - 2 scrolls of identify
 j - a scroll of teleportation
 n - a scroll of remove curse
 o - a scroll of blinking {unknown}
Potions
 e - 2 potions of brilliance
 i - 2 potions of flight
Comestibles
 f - 3 rations


   Skills:
 + Level 4.9 Fighting
 + Level 1.9 Short Blades
 + Level 1.9 Long Blades
 + Level 1.9 Axes
 + Level 3.2 Maces & Flails
 + Level 1.9 Polearms
 + Level 1.9 Staves
 + Level 1.9 Slings
 + Level 3.2 Bows
 + Level 1.9 Crossbows
 + Level 1.9 Throwing
 + Level 8.7 Armour
 + Level 1.9 Dodging
 + Level 4.5 Stealth
 + Level 1.9 Shields
 + Level 1.9 Unarmed Combat
 + Level 1.9 Spellcasting
 + Level 1.5 Conjurations
 + Level 1.5 Hexes
 + Level 1.5 Charms
 + Level 1.5 Summonings
 + Level 1.5 Necromancy
 + Level 1.5 Translocations
 + Level 1.5 Transmutations
 + Level 1.5 Fire Magic
 + Level 1.5 Ice Magic
 + Level 1.5 Air Magic
 + Level 1.5 Earth Magic
 + Level 1.5 Poison Magic
 + Level 2.1 Invocations
 + Level 1.9 Evocations


You had 8 spell levels left.
You didn't know any spells.

Dungeon Overview and Level Annotations

Branches:
Dungeon (3/15)

Altars:

Annotations:
D:2 1 runed door Sewer Grinder


Innate Abilities, Weirdness & Mutations

Your experience applies equally to all skills.
You have very sharp teeth.
Your uncanny sense of smell can sniff out nearby items.


Message History

You hit the shadow imp.
You bite the shadow imp, but do no damage.
The shadow imp is severely wounded.
The shadow imp misses you.
Grinder says, "At least Makhleb appreciates what I'm doing."
Grinder blinks!
You closely miss the shadow imp.
The shadow imp is severely wounded.
The shadow imp closely misses you. Grinder gestures at you.
Pain shoots through your body!
* * * LOW HITPOINT WARNING * * *
The shadow imp hits you but does no damage.
Okay, then.
As you read the scroll of teleportation, it crumbles to dust.
You feel strangely unstable.
The shadow imp laughs crazily.
The shadow imp gestures at you. Pain shoots through your body!
You die...

#≈≈.#.≈≈ ≈..#.≈≈ #+++#
#≈≈.#..≈
#######...###≈≈.#...
###...##..§..###.####.
###?..≈.'.§.....#).(#≈≈.
#∩!(..≈.'..._.§.)...≈≈≈≈
#!..≈5'.§.....#..≈#≈≈.
###§5@##..§..###.####.
#######...###≈≈.#...
##'''###≈≈.#..≈
#.....##≈≈.#.≈≈
#.≈≈≈(##≈≈.#.≈≈
#...(.##≈..#..≈
##...###≈≈.'.≈≈ #...#
##.##### ##.## #...#≈≈≈


You could see Grinder and a shadow imp.

Vanquished Creatures
  A big kobold (Sewer)
  3 big kobold zombies (Sewer)
  6 adders
  4 shadow imps (Sewer)
  3 ufetubi (Sewer)
  An ooze (Sewer)
  2 worms
  3 leopard geckos
  A ball python (D:2)
  8 bats
  A bat zombie (Sewer)
  6 giant cockroaches
  5 goblins
  5 hobgoblins
  17 kobolds
  A quokka (D:3)
  2 frilled lizards
  10 rats
79 creatures vanquished.

Notes
Turn   | Place    | Note
-------+----------+-------------------------------------------
     0 | D:1      | empire the Gnoll Wanderer began the quest for the Orb.
     0 | D:1      | empire set off with: a +2 dagger, a scroll of fear, a +0 ring mail, a potion of curing, a ration
     0 | D:1      | Reached XP level 1. HP: 20/20 MP: 1/1
   238 | D:1      | Reached XP level 2. HP: 26/26 MP: 2/2
   916 | D:2      | Reached XP level 3. HP: 20/31 MP: 3/3
  1273 | D:2      | Reached skill level 1 in Invocations
  1281 | D:2      | Reached skill level 1 in Short Blades
  1281 | D:2      | Reached skill level 1 in Long Blades
  1281 | D:2      | Reached skill level 1 in Axes
  1281 | D:2      | Reached skill level 1 in Polearms
  1281 | D:2      | Reached skill level 1 in Staves
  1281 | D:2      | Reached skill level 1 in Slings
  1281 | D:2      | Reached skill level 1 in Crossbows
  1281 | D:2      | Reached skill level 1 in Throwing
  1281 | D:2      | Reached skill level 1 in Dodging
  1281 | D:2      | Reached skill level 1 in Shields
  1281 | D:2      | Reached skill level 1 in Unarmed Combat
  1281 | D:2      | Reached skill level 1 in Spellcasting
  1281 | D:2      | Reached skill level 1 in Evocations
  1281 | D:2      | Reached XP level 4. HP: 24/38 MP: 5/5
  2053 | D:2      | Found a runed door.
  2180 | D:3      | Reached skill level 1 in Conjurations
  2180 | D:3      | Reached skill level 1 in Hexes
  2180 | D:3      | Reached skill level 1 in Charms
  2180 | D:3      | Reached skill level 1 in Summonings
  2180 | D:3      | Reached skill level 1 in Necromancy
  2180 | D:3      | Reached skill level 1 in Translocations
  2180 | D:3      | Reached skill level 1 in Transmutations
  2180 | D:3      | Reached skill level 1 in Fire Magic
  2180 | D:3      | Reached skill level 1 in Ice Magic
  2180 | D:3      | Reached skill level 1 in Air Magic
  2180 | D:3      | Reached skill level 1 in Earth Magic
  2180 | D:3      | Reached skill level 1 in Poison Magic
  2248 | D:3      | Found a glowing drain.
  2276 | Sewer    | Entered a sewer
  2309 | Sewer    | Reached XP level 5. HP: 29/43 MP: 6/6
  2746 | Sewer    | Found a burning altar of Makhleb.
  3073 | Sewer    | Noticed a big kobold
  3087 | Sewer    | Killed a big kobold
  3087 | Sewer    | Reached XP level 6. HP: 24/50 MP: 8/8
  3106 | Sewer    | Noticed Grinder
  3125 | Sewer    | HP: 2/50 [Grinder/nerve-wracking pain (6)]
  3126 | Sewer    | Killed from afar by a shadow imp

Skill      XL: |  1  2  3  4  5 |
---------------+----------------+-----
Invocations    | 1 2 |  2.1
Short Blades   | 1 |  1.9
Long Blades    | 1 |  1.9
Axes           | 1 |  1.9
Polearms       | 1 |  1.9
Staves         | 1 |  1.9
Slings         | 1 |  1.9
Crossbows      | 1 |  1.9
Throwing       | 1 |  1.9
Dodging        | 1 |  1.9
Shields        | 1 |  1.9
Unarmed Combat | 1 |  1.9
Spellcasting   | 1 |  1.9
Evocations     | 1 |  1.9
Conjurations   | 1 |  1.5
Hexes          | 1 |  1.5
Charms         | 1 |  1.5
Summonings     | 1 |  1.5
Necromancy     | 1 |  1.5
Translocations | 1 |  1.5
Transmutations | 1 |  1.5
Fire Magic     | 1 |  1.5
Ice Magic      | 1 |  1.5
Air Magic      | 1 |  1.5
Earth Magic    | 1 |  1.5
Poison Magic   | 1 |  1.5
Maces & Flails | 3 |  3.2
Bows           | 3 |  3.2
Fighting       | |  4.9
Armour         | |  8.7
Stealth        | |  4.5

Action                   |  1- 3 |  4- 6 || total
-------------------------+-------+-------++-------
Melee: Dagger            |   103 |    30 ||   133
       Bite              |     6 |    32 ||    38
       Long sword        |       |   157 ||   157
       Punch             |       |     1 ||     1
  Use: Scroll            |       |    11 ||    11
       Potion            |       |     6 ||     6
 Stab: Sleeping          |     1 |       ||     1
       Distracted        |       |     1 ||     1
  Eat: Chunk             |     1 |     4 ||     5
       Ration            |       |     1 ||     1
Armor: Ring mail         |    56 |   106 ||   162
Dodge: Dodged            |    59 |   172 ||   231
       Rpst.: Long sword |       |    44 ||    44
